 Dungeon Crawl Stone Soup version 0.30-a0-824-g6c64550be9 (webtiles) character file.

Game seed: 1273125975711831398

82 juan097 the Trooper (level 4, -4/41 HPs)
             Began as a Minotaur Berserker on Feb 27, 2023.
             Was a Believer of Trog.
             Slain by a gnoll
             ... wielding a +0 flail
             ... led by a gnoll bouda
              (7 damage)
             ... on level 3 of the Dungeon.
             The game lasted 00:03:21 (1737 turns).

juan097 the Trooper (Minotaur Berserker)            Turns: 1737, Time: 00:03:21

Health: -4/41      AC:  6    Str: 24    XL:     4   Next: 21%
Magic:  3/3        EV: 10    Int:  4    God:    Trog [**....]
Gold:   73         SH:  0    Dex:  9    Spells: 3/3 levels left

rFire   . . .      SeeInvis .    a - +3 mace (heavy)
rCold   . . .      Faith    .    (no shield)
rNeg    . . .      Spirit   .    q - +0 scale mail
rPois   .          Reflect  .    (helmet restricted)
rElec   .          Harm     .    (no cloak)
rCorr   .          Rampage  .    (no gloves)
Will    .....                    (no boots) Stlth
                                 (no amulet)
HPRegen 0.26/turn                (no ring)
MPRegen 0.08/turn                (no ring)

@: on berserk cooldown, slowed, very slow
A: horns 2, retaliatory headbutt
a: Renounce Religion, Berserk, Trog's Hand


You were on level 3 of the Dungeon.
You worshipped Trog.
Trog was pleased with you.
You visited 1 branch of the dungeon, and saw 4 of its levels.

You collected 73 gold pieces.

Inventory:

Hand Weapons
 a - a +3 heavy mace (weapon)
 b - a +0 sling
 l - a +0 hand axe
Armour
 c - a +0 animal skin
 q - a +0 scale mail (worn)
Scrolls
 f - 2 scrolls of noise {unknown}
 g - 2 scrolls of teleportation {unknown}
 h - 3 scrolls of identify {unknown}
 i - a scroll of magic mapping {unknown}
 j - a scroll of acquirement {unknown}
 k - 2 scrolls of immolation {unknown}
 n - 3 scrolls of enchant weapon {unknown}
 p - a scroll of amnesia {unknown}
Potions
 d - a potion of heal wounds {unknown}
 e - a potion of ambrosia {unknown}
 m - a potion of curing {unknown}
 o - 2 potions of degeneration {unknown}


   Skills:
 * Level 4.8 Fighting
 * Level 4.8 Axes
 - Level 2.4 Armour
 - Level 2.1 Dodging
 + Level 1.3 Stealth


You had 3 spell levels left.
You didn't know any spells.
Your spell library was empty.

Dungeon Overview and Level Annotations

Branches:
Dungeon (4/15)
 Temple: D:4-7

Altars:

Annotations:
D:3 Sigmund


Innate Abilities, Weirdness & Mutations

You have a pair of horns on your head.
You reflexively headbutt those who attack you in melee.


Message History

The gnoll is severely wounded.
The gnoll hits you with a +0 whip. The gnoll bouda closely misses you.
The gnoll hits you with a +0 whip.
The gnoll bouda hits you but does no damage.
You hit the gnoll bouda.
The gnoll bouda is heavily wounded.
The gnoll completely misses you.
The gnoll bouda calls upon its god to heal the gnoll.
The gnoll is healed somewhat.
You sock the gnoll bouda!
You kill the gnoll bouda!
Trog accepts your kill.
You are no longer berserk.
You are exhausted.
You feel yourself slow down.
The gnoll is no longer moving quickly.
The gnoll hits you with a +0 whip.
You have reached level 4!
You feel stronger.
You hit the gnoll. Your headbutt misses the gnoll.
The gnoll is moderately wounded.
The gnoll is no longer moving quickly.
The gnoll hits you with a +0 whip.
* * * LOW HITPOINT WARNING * * *
The gnoll barely misses you. You furiously retaliate!
You headbutt the gnoll. The gnoll hits you with a +0 flail.
* * * LOW HITPOINT WARNING * * *
You hit the gnoll. Your headbutt misses the gnoll.
The gnoll is moderately wounded.
Your attacks no longer feel as feeble.
The gnoll hits you but does no damage. The gnoll completely misses you.
The gnoll hits you with a +0 whip.
* * * LOW HITPOINT WARNING * * *
The gnoll hits you but does no damage. The gnoll barely misses you.
You furiously retaliate!
You headbutt the gnoll. The gnoll hits you but does no damage.
You sock the gnoll!
You kill the gnoll!
Trog accepts your kill. The gnoll hits you but does no damage.
The gnoll barely misses you. The gnoll hits you with a +0 flail!
You die...

#.# #.# #.#
######+###.#####.#
....#...##.<.†...#
###......#######.#
###.......## ##.##
##.........####...##
.+.........'.......#
##.........####...#####
##.......## ##@)....#
.........## ##g####.#
#####...## #.g.###
##+## #.>...# #...#.#
##.##.# #.# # #). ###


You could see 2 gnolls.

Vanquished Creatures
  A gnoll bouda (D:3)
  A gnoll (D:3)
  2 worms (D:2)
  2 dart slugs
  An orc (D:3)
  3 bats (D:1)
  5 endoplasms
  2 giant cockroaches (D:2)
  5 goblins
  4 hobgoblins
  A quokka (D:2)
  4 ball pythons
  5 frilled lizards
  3 kobolds
  3 rats
42 creatures vanquished.

Notes
Turn   | Place    | Note
-------+----------+-------------------------------------------
     0 | D:1      | juan097 the Minotaur Berserker began the quest for the Orb.
     0 | D:1      | Reached XP level 1. HP: 19/19 MP: 0/0
   211 | D:1      | Reached XP level 2. HP: 27/27 MP: 1/1
   683 | D:2      | Reached ** piety under Trog
   809 | D:2      | Reached XP level 3. HP: 33/33 MP: 2/2
  1093 | D:2      | Reached skill level 1 in Stealth
  1559 | D:3      | Noticed Sigmund
  1735 | D:3      | Reached XP level 4. HP: 14/41 MP: 3/3
  1736 | D:3      | HP: 2/41 [gnoll/+0 whip[a gnoll bouda] (4)]
  1737 | D:3      | Slain by a gnoll

Illustrated notes

Levels and vault maps discovered:
D:1:      elethiomel_arrival_shortcut, layout_rooms, minmay_door_square,
          patterned_corridor
D:2:      layout_loops_ring, st_stairs_6
D:3:      minmay_door_path, layout_loops_corners, mainiacjoe_overflow_boulevard,
          uniq_sigmund
D:4:      layout_rooms, vehumet_crystals, okawaru_ov_weapons_minmay,
          serial_shops, nicolae_square_shop, chequers_garden

Skill      XL: |  1  2  3 |
---------------+----------+-----
Fighting       | 4 |  4.8
Axes           | 4 |  4.8
Stealth        | 1 |  1.3
Armour         | |  2.4
Dodging        | |  2.1

Action                     |  1- 3 |  4- 6 || total
---------------------------+-------+-------++-------
  Melee: Hand axe          |    25 |       ||    25
         Headbutt          |     8 |       ||     8
         Mace              |    23 |     3 ||    26
   Fire: Sling             |    51 |       ||    51
 Invoke: Berserk           |     1 |       ||     1
 Armour: Animal skin       |     6 |       ||     6
         Scale mail        |     9 |     4 ||    13
  Dodge: Dodged            |    33 |     4 ||    37

Table legend: (Time is in decaauts)
 A = Elapsed time spent in this place.
 B = Non-inter-level travel time spent in this place.
 C = Inter-level travel time spent in this place.
 D = Time resting spent in this place.
 E = Time spent auto-exploring this place.
 F = Levels seen in this place.
 G = Mean time per level.
                   A        B        C        D        E       F      G
               +--------+--------+--------+--------+--------+-----+--------+
         Total |   1759 |   1557 |    202 |      0 |   1207 |   4 |  439.8 |
       Dungeon |   1759 |   1557 |    202 |      0 |   1207 |   4 |  439.8 |
               +--------+--------+--------+--------+--------+-----+--------+

Top non-repeatable levels by time:
     D:2: 842 daAuts
     D:1: 737 daAuts
     D:3: 171 daAuts
     D:4: 8 daAuts
